 Dungeon Crawl Stone Soup version 0.28.0-53-g5a82cb258f (webtiles) character file.

Game seed: 4398905545991383265

72 styxcanada the Sneak (level 4, -1/23 HPs)
             Began as a Spriggan Brigand on July 21, 2022.
             Killed by divine providence
             ... invoked by an orc priest
              (10 damage)
             ... on level 3 of the Dungeon on July 25, 2022.
             The game lasted 00:07:58 (1990 turns).

styxcanada the Sneak (Spriggan Brigand)             Turns: 1990, Time: 00:08:01

Health: -1/23      AC:  3    Str:  7    XL:     4   Next: 6%
Magic:  5/5        EV: 17    Int: 12    God:
Gold:   84         SH:  0    Dex: 18    Spells: 3/3 levels left

rFire   . . .      SeeInvis +   a - +2 dagger
rCold   . . .      Faith    .   (no shield)
rNeg    . . .      Spirit   .   b - +0 robe
rPois   .          Reflect  .   (helmet restricted)
rElec   .          Harm     .   c - +0 cloak
rCorr   .          Rampage  .   (gloves unavailable)
Will    .....                   (boots unavailable)
Stlth   ++++......              (no amulet)
HPRegen 0.07/turn               (no ring)
MPRegen 0.09/turn               (no ring)

@: very quick
A: very small, no large weapons, unfitting armour, see invisible, speed 3
a: no special abilities


You were on level 3 of the Dungeon.
You visited 1 branch of the dungeon, and saw 3 of its levels.

You collected 84 gold pieces.

Inventory:

Hand Weapons
 a - a +2 dagger (weapon)
Missiles
 d - 5 poisoned darts (quivered)
 e - 2 curare-tipped darts
 g - 78 stones
 o - 15 sling bullets
Armour
 b - a +0 robe (worn)
 c - a +0 cloak (worn)
Scrolls
 i - 2 scrolls of identify {unknown}
 j - a scroll of enchant armour {unknown}
 m - a scroll of teleportation {unknown}
 p - a scroll of immolation {unknown}
Potions
 f - a potion of curing {unknown}
 h - a potion of attraction {unknown}
 k - a potion of magic {unknown}
 l - a potion of haste {unknown}
 n - a potion of resistance {unknown}


   Skills:
 * Level 1.8 Fighting
 + Level 2.5 Short Blades
 + Level 2.0 Throwing
 * Level 2.1 Dodging
 * Level 7.8 Stealth


You had 3 spell levels left.
You didn't know any spells.
Your spell library was empty.

Dungeon Overview and Level Annotations

Branches:
Dungeon (3/15)

Altars:
Elyvilon
Nemelex Xobeh


Innate Abilities, Weirdness & Mutations

You are very small and have problems with some larger weapons.
You are too small for most types of armour.
You have supernaturally acute eyesight. (SInv)
You cover ground extremely quickly. (Speed+++)


Message History

Press: ? - help, Q - select action, (/) - cycle Shift-Dir - straight line, f/p - adder
Aim: an adder (44% to hit)
You throw a poisoned dart.
The poisoned dart barely misses the adder.
The poisoned dart hits the giant cockroach.
The giant cockroach is poisoned.
The adder closely misses you.
You hit the adder.
The adder is lightly wounded.
The adder completely misses you. The adder misses you.
You hit the adder.
The adder is moderately wounded.
The adder misses you.
You barely miss the adder.
The adder is moderately wounded.
The giant cockroach looks more healthy.
The adder misses you.
You hit the adder.
The adder is heavily wounded.
The adder bites you.
You hit the adder. You punch the adder, but do no damage.
The adder is severely wounded.
The adder misses you. The giant cockroach misses you.
You miss the adder.
The adder is severely wounded.
The adder closely misses you. The giant cockroach barely misses you.
You hit the adder.
The adder is almost dead.
The adder misses you. The giant cockroach bites you.
You miss the adder.
The adder is almost dead.
The adder misses you.
An orc priest comes into view. It is wielding a +0 short sword.
The giant cockroach barely misses you.
The orc priest shouts!
You hit the adder.
You kill the adder!
You hear a shout!
The orc priest calls down the wrath of Beogh upon you.
Beogh smites you!
You die...

..........####...#
####.###### ##..#
### #(. #.#####
'.(. ####..#
#..##..##.# ##
#'....#.# .#
#....#.### ##
##†B##...#
##@##.#.# ##).###.#
#....##.#
##....'..#
##)#..##..#
##..####.#.# #....#
#.#.####
....'o...###......#
....##..##.†...##.#


You could see an orc priest and a giant cockroach.

Vanquished Creatures
  5 adders
  A worm (D:2)
  An orc (D:3)
  An endoplasm (D:3)
  A giant cockroach (D:2)
  2 goblins
  3 hobgoblins
  A quokka (D:2)
  5 ball pythons
  5 bats
  8 kobolds
  2 rats (D:2)
35 creatures vanquished.

Notes
Turn   | Place    | Note
-------+----------+-------------------------------------------
     0 | D:1      | styxcanada the Spriggan Brigand began the quest for the
                  | Orb.
     0 | D:1      | Reached XP level 1. HP: 10/10 MP: 2/2
   179 | D:1      | Reached skill level 6 in Stealth
   579 | D:1      | Reached XP level 2. HP: 14/14 MP: 3/3
   952 | D:2      | Found a faded altar of an unknown god.
  1003 | D:2      | Reached skill level 7 in Stealth
  1026 | D:2      | Reached XP level 3. HP: 13/18 MP: 4/4
  1546 | D:3      | Found a white marble altar of Elyvilon.
  1597 | D:3      | Found a sparkling altar of Nemelex Xobeh.
  1937 | D:3      | Reached XP level 4. HP: 12/23 MP: 5/5
  1990 | D:3      | Killed from afar by an orc priest

Illustrated notes

Levels and vault maps discovered:
D:1:      shiori_arrival_elements, layout_basic, minmay_tromino_v4_a
D:2:      layout_loops_cross, shapermc_ecumenical_altar_ellora
D:3:      minmay_bubble_buster, layout_loops_ring, mainiacjoe_overflow_chevrons,
          nemelex_dance_club_becter, kennysheep_generic_room_11

Skill      XL: |  1  2  3 |
---------------+----------+-----
Stealth        | 6 7 |  7.8
Dodging        | 2 |  2.1
Fighting       | |  1.8
Short Blades   | |  2.5
Throwing       | |  2.0

Action                   |  1- 3 |  4- 6 || total
-------------------------+-------+-------++-------
Melee: Dagger            |    65 |    20 ||    85
       Punch             |     1 |     1 ||     2
Throw: Dart              |    18 |     6 ||    24
 Stab: Sleeping          |    13 |       ||    13
Armor: Robe              |     2 |       ||     2
Dodge: Dodged            |    33 |    18 ||    51
